 Dungeon Crawl Stone Soup version 0.14-a0-1663-g0b35444 (webtiles) character file.

62 M4edhros the Charlatan (level 3, -8/23 HPs)
             Began as an Octopode Artificer on Dec 28, 2013.
             Mangled by Fv001's ghost (9 damage)
             ... on Level 3 of the Dungeon.
             The game lasted 00:01:04 (697 turns).

M4edhros the Charlatan (Octopode Artificer)          Turns: 697, Time: 00:01:04

HP  -8/23        AC  1     Str 10      XL: 3   Next: 10%
MP   5/5         EV 11     Int 15      God:
Gold 35          SH  6     Dex 12      Spells:  0 memorised,  2 levels left

rFire  . . .     SeeInvis .     a - +0 short sword
rCold  . . .     Clarity  .     h - +0 buckler
rNeg   + . .     Conserve .     (helmet restricted)
rPois  .         rCorr    .     (no amulet)
rElec  .         rRot     .     j - ring of positive energy {unknown}
SustAb . .       Spirit   .     (no ring)
rMut   .         Warding  .     (no ring)
Saprov . . .     Stasis   .     (no ring)
                                (no ring)
                                (no ring)
                                (no ring)
                                (no ring)

@: not resistant to hostile enchantments, stealthy
A: almost no armour, amphibious, 8 rings, constrict 8, camouflage 1, gelatinous
body 1
a: no special abilities


You were on level 3 of the Dungeon.
You were not hungry.

You visited 1 branch of the dungeon, and saw 3 of its levels.

You collected 35 gold pieces.

Inventory:

Hand weapons
 a - a +0,+0 short sword (weapon)
Armour
 h - a +0 buckler (worn)
Magical devices
 b - a wand of flame (4)
 c - a wand of enslavement (15)
 d - a wand of random effects (14)
Comestibles
 f - 2 bread rations
Scrolls
 e - 2 scrolls of magic mapping {unknown}
 g - 3 scrolls of enchant weapon II {unknown}
 i - a scroll of identify {unknown}
 k - a scroll of teleportation {unknown}
Jewellery
 j - a ring of positive energy (left tentacle) {unknown}


   Skills:
 - Level 1.0 Fighting
 - Level 1.0 Short Blades
 - Level 2.0 Dodging
 - Level 1.3 Stealth
 + Level 4.7 Evocations


You had 2 spell levels left.
You didn't know any spells.

Dungeon Overview and Level Annotations

Branches:
Dungeon (3/16)

Altars:

Annotations:
D:3 Fv001's ghost, average DrFi


Innate Abilities, Weirdness & Mutations

You cannot wear most types of armour.
You are amphibious.
You can wear up to eight rings at the same time.
You can use your tentacles to constrict many enemies at once.
Your skin changes colour to match your surroundings (Stlth).
Your rubbery body absorbs attacks (AC +1).


Message History

Zapping:
b - a wand of flame (7)
Press: ? - help, Shift-Dir - straight line, f/p - Fv001's ghost
Aim: Fv001's ghost (almost destroyed)
The puff of flame misses Fv001's ghost.
This wand has 6 charges left.
Fv001's ghost completely misses you.
Evoke which item? (* to show all) (? for menu, Esc to quit)
Zapping:
b - a wand of flame (6)
Press: ? - help, Shift-Dir - straight line, f/p - Fv001's ghost
Aim: Fv001's ghost (almost destroyed)
The puff of flame hits Fv001's ghost.
Fv001's ghost appears unharmed.
Fv001's ghost is almost destroyed.
This wand has 5 charges left.
Fv001's ghost hits you.
* * * LOW HITPOINT WARNING * * *
Evoke which item? (* to show all) (? for menu, Esc to quit)
Zapping:
b - a wand of flame (5)
Press: ? - help, Shift-Dir - straight line, f/p - Fv001's ghost
Aim: Fv001's ghost (almost destroyed)
The puff of flame misses Fv001's ghost.
This wand has 4 charges left.
Fv001's ghost hits you!
You die...

... ..!... #.. ..
.......#.. #. ..........
#.## ###........######...
#..................#
#...................
####...p...............
#.....@# ###.[.........
#......# #.............
####.....## #..........(..
#........# #.....p.......
#........######..<...#)...
#...........###..###......
##...........#..###......
#...........#...........
#.....................#%


You could see Fv001's ghost.

Vanquished Creatures
  A gnoll (D:1)
  A giant gecko (D:1)
  An orc (D:3)
  A giant cockroach (D:2)
  A goblin (D:2)
  3 hobgoblins
  5 bats
  A giant newt (D:3)
14 creatures vanquished.

Notes
Turn   | Place    | Note
--------------------------------------------------------------
     0 | D:1      | M4edhros, the Octopode Artificer, began the quest for the Orb.
     0 | D:1      | Reached XP level 1. HP: 13/13 MP: 1/1
     1 | D:1      | Noticed a draconian zombie
     3 | D:1      | Noticed a spriggan zombie
     7 | D:1      | Noticed a merfolk zombie
     8 | D:1      | Noticed a centaur zombie
    10 | D:1      | Noticed a minotaur zombie
    10 | D:1      | Noticed a draconian zombie
    14 | D:1      | Noticed a draconian zombie
    16 | D:1      | Noticed a draconian zombie
    18 | D:1      | Noticed a human zombie
   103 | D:1      | Reached skill level 4 in Evocations
   103 | D:1      | Reached XP level 2. HP: 18/18 MP: 3/3
   363 | D:3      | Reached XP level 3. HP: 19/23 MP: 5/5
   421 | D:3      | Noticed Fv001's ghost (average DrFi)
   696 | D:3      | HP: 1/23 [Fv001's ghost (3)]
   697 | D:3      | Mangled by Fv001's ghost

Action                   || total
-------------------------++-------
Melee: Short sword       ||    32
Evoke: Wand              ||    12
  Use: Potion            ||     1
 Stab: Sleeping          ||     4
